 Dungeon Crawl Stone Soup version 0.29-a0-9-g022ca4c890 (webtiles) character file.

Game seed: 16034320210682819368

8082 mokwee the Tainter (level 11, -3/66 HPs)
             Began as an Octopode Venom Mage on Jan 28, 2022.
             Was a Believer of Sif Muna.
             Slain by a warg (12 damage)
             ... on level 8 of the Dungeon.
             The game lasted 00:49:09 (9089 turns).

mokwee the Tainter (Octopode Venom Mage)            Turns: 9089, Time: 00:49:09

Health: -3/66      AC:  5    Str:  7    XL:     11   Next: 25%
Magic:  23/23      EV: 13    Int: 22    God:    Sif Muna [**....]
Gold:   829        SH:  8    Dex: 13    Spells: 19/27 levels left

rFire   . . .      SeeInvis .   d - +0 short sword
rCold   . . .      Faith    .   v - +3 warlock's mirror {reflect}
rNeg    . . .      Spirit   .   (helmet restricted)
rPois   .          Reflect  +   j - amulet of magic regeneration
rElec   .          Harm     .   i - +4 ring of protection
rCorr   .          Rampage  .   y - ring of flight
Will    .....                   (no ring)
Stlth   +++++.....              (no ring)
HPRegen 0.21/turn               (no ring)
MPRegen 0.58/turn               (no ring)
                                (no ring)
                                (no ring)

@: flying
A: almost no armour, amphibious, 8 rings, camouflage 1, gelatinous body 1,
(nimble swimmer 1), tentacles
a: Renounce Religion, Channel Magic


You were on level 8 of the Dungeon.
You worshipped Sif Muna.
Sif Muna was pleased with you.
You visited 3 branches of the dungeon, and saw 11 of its levels.
You also visited: Ossuary.

You collected 829 gold pieces.

Inventory:

Hand Weapons
 d - a +0 short sword (weapon)
Armour
 v - the +3 warlock's mirror (worn) {reflect}
   (You acquired it on level 7 of the Dungeon)

   It can block and reflect piercing ranged attacks and magical attacks against
   the wielder's willpower.
Jewellery
 i - a +4 ring of protection (left tentacle)
 j - an amulet of magic regeneration (around mantle)
 y - a ring of flight (right tentacle)
Wands
 l - a wand of acid (9)
 q - a wand of iceblast (9)
 E - a wand of mindburst (1)
 F - a wand of paralysis (3)
Scrolls
 c - a scroll of fog {unknown}
 f - 2 scrolls of enchant weapon
 h - 2 scrolls of silence
 m - 2 scrolls of torment
 o - 7 scrolls of teleportation
 r - a scroll of holy word
 s - 3 scrolls of amnesia
 t - a scroll of summoning
 w - a scroll of fear {unknown}
 x - 2 scrolls of noise {unknown}
 z - 2 scrolls of vulnerability {unknown}
 A - 2 scrolls of immolation {unknown}
 B - 4 scrolls of enchant armour {unknown}
 G - a scroll of magic mapping {unknown}
Potions
 a - a potion of magic {unknown}
 b - 3 potions of heal wounds {unknown}
 e - 2 potions of haste {unknown}
 g - 4 potions of attraction {unknown}
 k - 3 potions of might {unknown}
 n - a potion of invisibility {unknown}
 p - 3 potions of lignification {unknown}
 u - a potion of curing {unknown}
 C - a potion of mutation {unknown}
 D - 3 potions of flight {unknown}


   Skills:
 + Level 2.9 Fighting
 + Level 4.9 Short Blades
 + Level 3.5 Dodging
 + Level 8.1 Stealth
 - Level 5.0 Shields
 + Level 8.9 Spellcasting
 + Level 2.3 Conjurations
 + Level 3.5 Transmutations
 + Level 2.6 Air Magic
 + Level 10.6 Poison Magic
 + Level 2.4 Evocations


You had 19 spell levels left.
You knew the following spells:

 Your Spells              Type           Power      Damage    Failure   Level
a - Sting                 Tmut/Pois      100%       1d8       1%          1
b - Mephitic Cloud        Conj/Pois/Air  32%        N/A       3%          3
c - Olgreb's Toxic Radia  Pois           54%        N/A       1%          4

Your spell library contained the following spells:

 Spells                   Type           Power      Damage    Failure   Level
 Beastly Appendage        Tmut           50%        N/A       1%          1
 Poisonous Vapours        Pois/Air       78%        N/A       1%          2
 Spider Form              Tmut/Pois      41%        N/A       1%          3
 Wereblood                Tmut           25%        N/A       3%          2


Dungeon Overview and Level Annotations

Branches:
Dungeon (9/15)             Temple (1/1) D:5            Lair (0/6) D:9
    Orc (1/2) D:9         Ossuary (visited)

Altars:
Ashenzari
Cheibriados
Dithmenos
Elyvilon
Fedhas
Gozag
Hepliaklqana
Kikubaaqudgha
Makhleb
Nemelex Xobeh
Okawaru
Qazlal
Ru
Sif Muna
Trog
Uskayaw
Vehumet
Wu Jian
Xom
Yredelemnul
Zin
The Shining One

Shops:
D:1 (

Annotations:
D:5 1 runed translucent door, Iidacon's ghost, novice HuBe


Innate Abilities, Weirdness & Mutations

You cannot wear most types of armour.
You are amphibious.
You can wear up to eight rings at the same time.
Your skin changes colour to match your surroundings (Stealth+).
Your rubbery body absorbs attacks. (AC +1, EV +1)
((You are camouflaged when in or above water. (Stealth+)))
You have tentacles for arms and can constrict up to eight enemies at once.


Message History

You hit the warg but do no damage.
The warg is heavily wounded.
You block the warg's attack.
You hit the warg. Your squeeze misses the warg.
The warg is severely wounded.
The warg bites you.
You closely miss the warg.
The warg is severely wounded.
The warg bites you!
You closely miss the warg.
The warg is severely wounded.
The warg completely misses you. You block the warg's attack.
You hit the warg. You squeeze the warg.
The warg is severely wounded.
The warg completely misses you.
You hit the warg but do no damage. You squeeze the warg, but do no damage.
The warg is severely wounded.
The warg bites you!
You hit the warg but do no damage.
The warg is severely wounded.
The warg bites you! The warg bites you. The warg completely misses you.
The warg bites you.
There is a staircase back to the Dungeon here.
The warg bites you.
You fly upwards.
Welcome back to the Dungeon!
There is a staircase to the Orcish Mines here.
You block the warg's attack. The warg bites you!
* * * LOW HITPOINT WARNING * * *
You block the warg's attack. The warg bites you.
* * * LOW HITPOINT WARNING * * *
The warg misses you.
There is an escape hatch in the ceiling here.
The warg barely misses you. A mysterious force pulls you upwards.
The hatch slams shut behind you. You block the warg's attack.
The warg bites you!
You die...

#........# #........#
#........# #........#
######### #........#
##.......# ####).......#
#........# >.##........#
#........#
..####.##########h###.####
..####.# ####..@..##.#
..)....# ##.....#..##.#
...##### #........###.#
).)#######.#..##### #.#
..............# #.#
.#########...## #.# ....##
#.....# #.# .....###...###
#.#
###...##..###########.###


You could see a warg.

Vanquished Creatures
  A two-headed ogre (D:9)
  Sonja (Orc:1)
  Maggie (D:9)
  2 basilisks (D:9)
  A wyvern (D:9)
  20 yaks
  2 steam dragons
  A warg (D:9)
  3 acid dragons
  2 water moccasins
  2 orc warriors (D:9)
  A black bear (D:5)
  2 centaurs
  3 ogres
  3 bullfrogs
  A kobold brigand (D:8)
  10 scorpions
  A water moccasin zombie (D:5)
  An electric eel (D:9)
  4 howler monkeys
  3 centaur zombies
  A hound (D:5)
  A jelly (D:8)
  2 human zombies (Ossuary)
  An orc priest (D:9)
  A centaur skeleton (D:4)
  A bullfrog skeleton (D:5)
  An iguana (D:5)
  Terence (D:2)
  2 orc wizards
  4 scorpion zombies (Ossuary)
  3 mummies (Ossuary)
  A howler monkey zombie (D:9)
  6 adders
  4 gnolls (Orc:1)
  A dart slug (D:5)
  7 orcs
  3 ball pythons
  3 bats
  11 endoplasms
  2 giant cockroaches
  2 gnoll zombies (Ossuary)
  9 hobgoblins
  4 jackals (D:1)
  5 quokkas
  4 frilled lizards
  7 goblins
  A goblin zombie (Ossuary)
  3 hobgoblin zombies (Ossuary)
  13 kobolds
  2 kobold zombies (Ossuary)
  2 orc zombies (Ossuary)
  7 rats
180 creatures vanquished.

Vanquished Creatures (others)
  A fungus (D:9)
  6 plants (D:7)
7 creatures vanquished.

Grand Total: 187 creatures vanquished

Notes
Turn   | Place    | Note
-------+----------+-------------------------------------------
     0 | D:1      | mokwee the Octopode Venom Mage began the quest for the Orb.
     0 | D:1      | Reached XP level 1. HP: 11/11 MP: 3/3
    86 | D:1      | Reached skill level 4 in Poison Magic
   101 | D:1      | Reached XP level 2. HP: 6/17 MP: 1/5
   327 | D:1      | Found Qolag's Weapon Emporium.
   493 | D:1      | Reached XP level 3. HP: 14/21 MP: 3/6
   524 | D:1      | Learned a level 3 spell: Mephitic Cloud
   888 | D:2      | Found a faded altar of an unknown god.
  1175 | D:2      | Noticed Terence
  1211 | D:2      | Killed Terence
  1212 | D:2      | Reached XP level 4. HP: 24/27 MP: 2/7
  2571 | D:4      | Noticed an ogre
  2730 | D:4      | Noticed a necrophage
  2735 | D:4      | Reached skill level 1 in Short Blades
  2879 | D:4      | Learned a level 4 spell: Olgreb's Toxic Radiance
  2921 | D:4      | Reached XP level 5. HP: 31/31 MP: 8/8
  3139 | D:4      | Killed an ogre
  3140 | D:4      | Reached skill level 5 in Poison Magic
  3140 | D:4      | Reached XP level 6. HP: 36/36 MP: 1/10
  3246 | D:5      | Entered Level 5 of the Dungeon
  3677 | D:5      | Found a runed translucent door.
  3677 | D:5      | Noticed Iidacon's ghost (novice HuBe)
  3727 | D:5      | Reached skill level 1 in Conjurations
  3874 | D:5      | Noticed a black bear
  3876 | D:5      | Reached XP level 7. HP: 25/42 MP: 3/12
  4151 | D:5      | Reached skill level 5 in Stealth
  4151 | D:5      | Reached skill level 6 in Poison Magic
  4539 | D:5      | Found a staircase to the Ecumenical Temple.
  4545 | Temple   | Entered the Ecumenical Temple
  4721 | Temple   | Became a worshipper of Sif Muna the Loreminder
  5144 | D:6      | Reached skill level 1 in Fighting
  5619 | D:7      | Reached XP level 8. HP: 38/48 MP: 10/14
  5620 | D:7      | Found a sand-covered staircase.
  5626 | Ossuary  | Entered an ossuary
  5874 | Ossuary  | Reached skill level 5 in Spellcasting
  5875 | Ossuary  | Reached skill level 7 in Poison Magic
  6400 | Ossuary  | Reached * piety under Sif Muna
  6401 | Ossuary  | Reached XP level 9. HP: 54/54 MP: 13/17
  6531 | D:7      | Found an ancient bone altar of Kikubaaqudgha.
  7054 | D:7      | Identified a scroll of acquirement
  7055 | D:7      | Acquired the +3 warlock's mirror {reflect}
  7055 | D:7      | Found the +3 warlock's mirror {reflect}
  7305 | D:8      | Reached skill level 1 in Shields
  7306 | D:8      | Reached skill level 1 in Air Magic
  7313 | D:8      | Reached skill level 8 in Poison Magic
  7865 | D:9      | Reached XP level 10. HP: 61/61 MP: 20/20
  7884 | D:9      | Found a staircase to the Lair.
  7893 | D:9      | Reached skill level 9 in Poison Magic
  7927 | D:9      | Noticed Maggie
  7929 | D:9      | Reached ** piety under Sif Muna
  7947 | D:9      | Killed Maggie
  8312 | D:9      | Noticed a two-headed ogre
  8314 | D:9      | Reached skill level 10 in Poison Magic
  8328 | D:9      | Reached skill level 1 in Evocations
  8358 | D:9      | Killed a two-headed ogre
  8359 | D:9      | Reached XP level 11. HP: 57/66 MP: 19/23
  8414 | D:9      | Found a staircase to the Orcish Mines.
  8566 | D:9      | Reached skill level 5 in Shields
  8831 | Orc:1    | Entered Level 1 of the Orcish Mines
  9031 | Orc:1    | Noticed Sonja
  9043 | Orc:1    | Killed Sonja
  9089 | D:8      | Slain by a warg

Illustrated notes

Levels and vault maps discovered:
D:1:      tarquinn_simple_flora_water_c, layout_basic, serial_shops,
          nicolae_shop_advertising_works [nicolae_subvault_shop_adworks]
D:2:      layout_loops_ring, ebering_ecumenical_altar_box, uniq_terence
D:3:      layout_basic, wander_ebering_terrifying_dragon_lair
D:4:      layout_rooms, dk_noncrumbling_3
D:5:      layout_loops_corners, minmay_temple_entry_fiery,
          hellmonk_ghost_happy_afterlife, kennysheep_small_circle
D:6:      layout_basic
D:7:      layout_loops_corners, mainiacjoe_overflow_small_starburst,
          lightli_ossuary_entry_decrepit_ruins,
          nicolae_concentric_dashed_squares_wild, serial_bayou_pond_a
D:8:      layout_rooms, minmay_puff
D:9:      argonaut_augean_stables, layout_rooms, david_lair_generic,
          david_orc_3, uniq_maggie
Temple:   kilobyte_greek_temple
Orc:1:    layout_diamond_mine, ebering_ghost_xom, rock_pile, uniq_sonja

Skill      XL: |  1  2  3  4  5  6  7  8  9 10 11 |
---------------+----------------------------------+-----
Poison Magic   | 4 5 6 7 8 10 | 10.6
Stealth        | 3 4 5 6 7 8 |  8.1
Short Blades   | 1 2 4 |  4.9
Transmutations | 2 3 |  3.5
Spellcasting   | 3 4 5 6 8 |  8.9
Conjurations   | 1 2 |  2.3
Fighting       | 1 2 |  2.9
Dodging        | 3 |  3.5
Shields        | 3 4 5 |  5.0
Air Magic      | 1 2 |  2.6
Evocations     | 1 2 |  2.4

Action                   |  1- 3 |  4- 6 |  7- 9 | 10-12 || total
-------------------------+-------+-------+-------+-------++-------
Melee: Club              |    14 |       |       |       ||    14
       Constrict         |     9 |    11 |    21 |       ||    41
       Tentacles         |     7 |    15 |    47 |     3 ||    72
       Dagger            |    11 |       |       |       ||    11
       Short sword       |    24 |    53 |   147 |    19 ||   243
       Punch             |       |     2 |     4 |       ||     6
 Cast: Sting             |    37 |    34 |    37 |    18 ||   126
       Mephitic Cloud    |     1 |     6 |    14 |    13 ||    34
       Olgreb's Toxic Ra |       |     5 |    33 |    33 ||    71
Evoke: Wand              |       |       |     4 |    10 ||    14
  Use: Scroll            |       |       |     9 |       ||     9
 Stab: Sleeping          |    12 |    13 |    14 |       ||    39
       Confused          |     1 |     2 |     4 |     1 ||     8
Armor: Skin              |     1 |     6 |    36 |     1 ||    44
Dodge: Dodged            |    32 |    25 |    77 |    17 ||   151
Block: Buckler           |       |       |     4 |    14 ||    18
       Reflection        |       |       |       |     1 ||     1

Table legend: (Time is in decaauts)
 A = Elapsed time spent in this place.
 B = Non-inter-level travel time spent in this place.
 C = Inter-level travel time spent in this place.
 D = Time resting spent in this place.
 E = Time spent auto-exploring this place.
 F = Levels seen in this place.
 G = Mean time per level.
                   A        B        C        D        E       F      G
               +--------+--------+--------+--------+--------+-----+--------+
         Total |   9087 |   8608 |    479 |   1786 |   5012 |  12 |  757.2 |
       Dungeon |   7893 |   7454 |    439 |   1327 |   4682 |   9 |  877.0 |
        Temple |    210 |    176 |     34 |      0 |    164 |   1 |  210.0 |
  Orcish Mines |    144 |    138 |      6 |     17 |     50 |   1 |  144.0 |
       Ossuary |    839 |    839 |      0 |    442 |    116 |   1 |  839.0 |
               +--------+--------+--------+--------+--------+-----+--------+

Top non-repeatable levels by time:
     D:5: 1569 daAuts
     D:3: 1111 daAuts
     D:7: 924 daAuts
     D:1: 886 daAuts
 Ossuary: 839 daAuts
     D:9: 839 daAuts
     D:8: 828 daAuts
     D:2: 726 daAuts
     D:4: 529 daAuts
     D:6: 479 daAuts
  Temple: 210 daAuts
   Orc:1: 144 daAuts
